 Dungeon Crawl Stone Soup version 0.29.0-15-g675c0067aa (webtiles) character file.

Game seed: 13668115964019390900

4 Flugkiller the Firebug (level 1, -2/10 HPs)
             Began as a Kobold Fire Elementalist on Sept 11, 2022.
             Frozen to death by an endoplasm (3 damage)
             ... on level 1 of the Dungeon.
             The game lasted 00:00:24 (277 turns).

Flugkiller the Firebug (Kobold Fire Elementalist)    Turns: 277, Time: 00:00:24

Health: -2/10      AC:  2    Str:  5    XL:     1   Next: 77%
Magic:  0/3        EV: 15    Int: 16    God:
Gold:   10         SH:  0    Dex: 15    Spells: 3/4 levels left

rFire   . . .      SeeInvis .   c - +0 mace
rCold   . . .      Faith    .   (no shield)
rNeg    . . .      Spirit   .   a - +0 robe
rPois   .          Reflect  .   (no helmet)
rElec   .          Harm     .   (no cloak)
rCorr   .          Rampage  .   (no gloves)
Will    .....                   (no boots)
Stlth   +++.......              (no amulet)
HPRegen 0.03/turn               (no ring)
MPRegen 0.08/turn               (no ring)

@: no status effects
A: small, no large weapons, nightstalker 3
a: no special abilities


You were on level 1 of the Dungeon.
You visited 1 branch of the dungeon, and saw 1 of its levels.

You collected 10 gold pieces.

Inventory:

Hand Weapons
 c - a +0 mace (weapon)
   (You found it on level 1 of the Dungeon)
Armour
 a - a +0 robe (worn)
Magical Staves
 e - a staff of poison
   (You found it on level 1 of the Dungeon)
Scrolls
 d - a scroll of teleportation {unknown}
Potions
 b - a potion of magic


   Skills:
 - Level 2.4 Dodging
 - Level 2.6 Stealth
 + Level 2.3 Spellcasting
 + Level 1.2 Conjurations
 + Level 3.1 Fire Magic


You had 3 spell levels left.
You knew the following spells:

 Your Spells              Type           Power      Damage    Failure   Level
a - Foxfire               Conj/Fire      32%        2x1d5     9%          1

Your spell library contained the following spells:

 Spells                   Type           Power      Damage    Failure   Level
 Scorch                   Fire           22%        2d6       9%          2
 Conjure Flame            Conj/Fire      8%         6-21      24%         3
 Inner Flame              Hex/Fire       6%         N/A       32%         3
 Flame Wave               Conj/Fire      8%         2d5       63%         4


Dungeon Overview and Level Annotations

Branches:
Dungeon (1/15)

Altars:

Annotations:
D:1 1 transporter


Innate Abilities, Weirdness & Mutations

You are small and have problems with some larger weapons.
You are completely attuned to the shadows.


Message History

You now have 1 gold piece.
d - a scroll labelled FIEQYU DONGOPP You now have 10 gold pieces (gained 9).
A kobold comes into view. It is wielding a +0 dagger.
A kobold is nearby!
You conjure some foxfire!
There is not enough space to conjure foxfire!
Your foxfire dissipates!
Your foxfire dissipates!
The kobold shouts!
You conjure some foxfire!
The kobold barely misses you.
You conjure some foxfire!
The foxfire hits the kobold.
The kobold is moderately wounded.
The foxfire hits the kobold.
You kill the kobold!
You see here a +0 dagger.
Your foxfire dissipates! x2
Magic restored.
You open the door.
There is an open door here.
Found a dagger.
You see here a +0 dagger.
An endoplasm comes into view.
An endoplasm is nearby!
You conjure some foxfire!
You conjure some foxfire!
You miscast Foxfire.
You are very lightly contaminated with residual magic.
Nothing appears to happen.
The foxfire hits the endoplasm.
The endoplasm is severely wounded.
The endoplasm quivers.
Your foxfire dissipates!
The foxfire hits the endoplasm.
The endoplasm is almost dead.
Your foxfire dissipates!
An endoplasm is nearby!
You hit the endoplasm.
You kill the endoplasm!
Found a crooked smoking staff.
Your magical contamination has completely faded away.
An endoplasm comes into view.
Found a scroll labelled NEUSCH WIESKIU.
An endoplasm is nearby!
You conjure some foxfire!
The foxfire hits the endoplasm.
The endoplasm is lightly wounded.
You conjure some foxfire!
The foxfire hits the endoplasm.
The endoplasm is moderately wounded.
You conjure some foxfire!
You barely miss the endoplasm.
The endoplasm is moderately wounded.
The foxfire hits the endoplasm.
The endoplasm is heavily wounded.
The foxfire hits the endoplasm.
The endoplasm is severely wounded.
Your foxfire dissipates!
The endoplasm freezes you.
You are frozen.
The endoplasm freezes you.
You are frozen.
You hit the endoplasm.
You kill the endoplasm!
A goblin comes into view. It is wielding a +0 club.
Found 10 gold pieces.
The goblin shouts!
The goblin hits you with a +0 club.
An endoplasm comes into view.
You see here a staff of poison.
e - a staff of poison The goblin barely misses you.
An endoplasm comes into view.
You are out of magic!
You are out of magic!
The goblin attacks as you move away! The goblin hits you with a +0 club.
You are too injured to fight recklessly!
You are too injured to fight recklessly!
You are too injured to fight recklessly!
Casting: Foxfire (safe; 9% risk of failure)
Confirm with . or Enter, or press ? or * to list all spells.
You conjure some foxfire!
The goblin barely misses you.
The foxfire hits the goblin.
The goblin is moderately wounded.
The foxfire hits the goblin.
The goblin is heavily wounded.
You hit the goblin.
The goblin is severely wounded.
The goblin barely misses you.
You miss the goblin.
The goblin is severely wounded.
The goblin hits you but does no damage.
The endoplasm jiggles.
The goblin hits you with a +0 club.
* * * LOW HITPOINT WARNING * * *
The endoplasm barely misses you.
You closely miss the goblin.
The goblin is severely wounded.
The goblin closely misses you. The endoplasm freezes you.
You are frozen.
You die...

#.#.#...#
#$.#..#.#.# #
#.##.#.....#.# .
.....#.###.##..
......J.........
.....##.#.....#
....##+#.....#
.......JgJ.#
.........@.#
#.........#
#.........#
#....######
###.## #.#
####### #.#
#.....# #.#
#...# #.....#
#.# #...#
#.....#


You could see 2 endoplasms and a goblin.

Vanquished Creatures
  2 endoplasms (D:1)
  A hobgoblin (D:1)
  A kobold (D:1)
4 creatures vanquished.

Vanquished Creatures (others)
  15 foxfires (D:1)
15 creatures vanquished.

Grand Total: 19 creatures vanquished

Notes
Turn   | Place    | Note
-------+----------+-------------------------------------------
     0 | D:1      | Flugkiller the Kobold Fire Elementalist began the quest for
                  | the Orb.
     0 | D:1      | Reached XP level 1. HP: 10/10 MP: 3/3
   277 | D:1      | Frozen to death by an endoplasm

Illustrated notes

Levels and vault maps discovered:
D:1:      spicycebolla_arrival_risky_transporter, layout_basic,
          shapermc_ecumenical_altar_mp_ritualfount, minmay_small_reverse_x

Action                   || total
-------------------------++-------
Melee: Mace              ||    13
 Cast: Foxfire           ||     9
Armor: Robe              ||     1
Dodge: Dodged            ||    13
